 Dungeon Crawl Stone Soup version 0.20.1-1-g8b1a95d (webtiles) character file.

128 ConnectionFaild the Slasher (level 5, -1/36 HPs)
             Began as an Octopode Fighter on Aug 10, 2017.
             Was an Initiate of Dithmenos.
             Slain by a centaur (6 damage)
             ... on level 5 of the Dungeon.
             The game lasted 00:03:45 (2446 turns).

ConnectionFaild the Slasher (Octopode Fighter)      Turns: 2446, Time: 00:03:45

Health: -1/36      AC:  1    Str: 16    XL:     5   Next: 12%
Magic:  5/5        EV: 11    Int: 10    God:    Dithmenos [......]
Gold:   162        SH:  8    Dex: 12    Spells: 4/4 levels left

rFire    . . .     SeeInvis .   a - +0 long sword
rCold    . . .     Gourm    .   b - +0 shield
rNeg     . . .     Faith    .   (helmet restricted)
rPois    .         Spirit   .   (no amulet)
rElec    .         Reflect  .   l - ring of protection from magic
rCorr    .         Harm     .   (no ring)
MR       +....                  (no ring)
Stlth    ++........             (no ring)
Regen    0.2/turn               (no ring)
MPRegen  0.1/turn               (no ring)
                                (no ring)
                                (no ring)

@: no status effects
A: almost no armour, stealthy swim, amphibious, 8 rings, constrict 8, camouflage
1, gelatinous body 1
a: Renounce Religion


You were on level 5 of the Dungeon.
You worshipped Dithmenos.
Dithmenos was noncommittal.
You were not hungry.

You visited 1 branch of the dungeon, and saw 6 of its levels.

You collected 162 gold pieces.

Inventory:

Hand Weapons
 a - a +0 long sword (weapon)
Armour
 b - a +0 shield (worn)
 i - a cursed +0 large shield
Jewellery
 l - a ring of protection from magic (left tentacle)
Scrolls
 e - a scroll of remove curse {unknown}
 g - a scroll of amnesia {unknown}
 h - a scroll of enchant armour {unknown}
 j - a scroll of fog {unknown}
 m - a scroll of enchant weapon {unknown}
 q - a scroll of identify {unknown}
Potions
 c - 2 potions of might
 f - a potion of cancellation {unknown}
 k - a potion of curing {unknown}
 n - a potion of flight {unknown}
 o - 2 potions of lignification {unknown}
 p - a potion of brilliance {unknown}
 t - a potion of heal wounds {unknown}
Comestibles
 d - 4 bread rations
 r - a royal jelly
 s - a chunk of flesh


   Skills:
 - Level 3.0 Fighting
 + Level 5.1 Long Blades
 - Level 3.0 Dodging
 - Level 3.0 Shields


You had 4 spell levels left.
You didn't know any spells.

Dungeon Overview and Level Annotations

Branches:
Dungeon (6/15)
 Temple: D:4-7

Altars:
Dithmenos
Elyvilon
Yredelemnul

Annotations:
D:3 Monsterracer's ghost, amateur DrWr


Innate Abilities, Weirdness & Mutations

You cannot wear most types of armour.
You are very stealthy in the water. (Stealth+)
You are amphibious.
You can wear up to eight rings at the same time.
You can use your tentacles to constrict eight enemies at once.
Your skin changes colour to match your surroundings (Stealth+).
Your rubbery body absorbs attacks. (AC +1, EV +1)


Message History

You hear the hiss of flowing sand.
There is an entrance to an ossuary on this level.
Hurry and find it before the portal is buried!
There is a stone staircase leading down here.
You see here 14 stones.
A centaur comes into view.
Found a stone staircase leading down.
The centaur shouts!
Found 2 brown potions.
The centaur wields a shortbow.
The centaur shoots an arrow.
The arrow hits you.
You see here an arrow.
The centaur shoots an arrow.
You block the arrow.
The centaur shoots an arrow.
The arrow hits you!
You see here an arrow.
The centaur unwields an uncursed shortbow.
The centaur hits you!
* * * LOW HITPOINT WARNING * * *
You hit the centaur. Your squeeze misses the centaur.
The centaur is moderately wounded.
You block the centaur's attack. The centaur hits you.
You die...

..... ......
#......## ####
#>......##+##...##
#..............!.##
#................#
#..........c.....#
#.......((@.......
#.................
####..#..#..........
#.....##...........#
#..................#
#.....###..:.......#
#####..##..........#
#...##..........
#########............


You could see a centaur.

Vanquished Creatures
  An orc priest (D:5)
  3 adders (D:2)
  2 dart slugs (D:2)
  2 worms (D:2)
  2 leopard geckos
  3 orcs
  4 giant cockroaches
  7 goblins
  2 hobgoblins
  4 jackals
  2 quokkas (D:2)
  A ball python (D:2)
  9 bats
  6 frilled lizards
  7 kobolds
  6 rats
61 creatures vanquished.

Notes
Turn   | Place    | Note
-------+----------+-------------------------------------------
     0 | D:1      | ConnectionFaild the Octopode Fighter began the quest for the Orb.
     0 | D:1      | Reached XP level 1. HP: 16/16 MP: 1/1
    53 | D:1      | Reached XP level 2. HP: 20/21 MP: 2/2
   168 | D:1      | Reached skill level 3 in Long Blades
   348 | D:1      | Reached XP level 3. HP: 17/26 MP: 3/3
   930 | D:2      | Reached skill level 4 in Long Blades
   935 | D:2      | HP: 1/26 [poisoned by an adder]
  1297 | D:2      | Reached XP level 4. HP: 31/31 MP: 4/4
  1371 | D:2      | Found a white marble altar of Elyvilon.
  1520 | D:2      | Found a shadowy altar of Dithmenos.
  1532 | D:2      | Became a worshipper of Dithmenos the Shadowed
  1720 | D:2      | Found a white marble altar of Elyvilon.
  1775 | D:2      | Found a basalt altar of Yredelemnul.
  2069 | D:3      | Noticed Monsterracer's ghost (amateur DrWr)
  2365 | D:5      | Entered Level 5 of the Dungeon
  2378 | D:5      | Reached skill level 5 in Long Blades
  2378 | D:5      | Reached XP level 5. HP: 16/36 MP: 5/5
  2439 | D:5      | Noticed a centaur
  2446 | D:5      | Slain by a centaur

Skill      XL: |  1  2  3  4 |
---------------+-------------+-----
Long Blades    | 3 4 5 |  5.1
Fighting       | |  3.0
Dodging        | |  3.0
Shields        | |  3.0

Action                   |  1- 3 |  4- 6 || total
-------------------------+-------+-------++-------
Melee: Long sword        |    60 |    44 ||   104
       Constrict         |    14 |    11 ||    25
       Tentacles         |    12 |    12 ||    24
  Use: Potion            |     1 |       ||     1
 Stab: Sleeping          |     5 |     5 ||    10
  Eat: Chunk             |     1 |     4 ||     5
Armor: Skin              |     3 |     1 ||     4
Dodge: Dodged            |    27 |    15 ||    42
Block: Shield            |    31 |    26 ||    57
       Rpst.: Long sword |    11 |     4 ||    15
